 Dungeon Crawl Stone Soup version 0.28.0 (webtiles) character file.

Game seed: 8620450592957175302

486 emikaela the Ruffian (level 7, -1/64 HPs)
             Began as a Ghoul Cinder Acolyte on Feb 11, 2022.
             Was a High Priest of Ignis.
             Slain by Pikel (6 damage)
             ... on level 4 of the Dungeon.
             The game lasted 00:09:19 (3677 turns).

emikaela the Ruffian (Ghoul Cinder Acolyte)         Turns: 3677, Time: 00:09:19

Health: -1/64      AC:  9    Str: 18    XL:     7   Next: 13%
Magic:  0/7        EV: 11    Int:  9    God:    Ignis [*****.]
Gold:   139        SH:  0    Dex:  6    Spells: 6/8 levels left

rFire   + . .      SeeInvis .     - Unarmed
rCold   + . .      Faith    .   (no shield)
rNeg    + + +      Spirit   .   b - +0 robe
rPois   ∞          Reflect  .   (no helmet)
rElec   .          Harm     .   (no cloak)
rCorr   .          Rampage  .   (no gloves)
Will    +....                   (no boots)
Stlth   +.........              (no amulet)
HPRegen 0.00/turn               q - +4 ring of slaying
MPRegen 0.10/turn               i - ring of willpower

@: fiery-armoured, inhibited regen
A: claws 1, cold resistance 1, negative energy resistance 3, inhibited
regeneration, torment resistance 2
a: Renounce Religion, Fiery Armour, Foxfire Swarm, Rising Flame


You were on level 4 of the Dungeon.
You worshipped Ignis.
Ignis was extremely pleased with you.
You visited 1 branch of the dungeon, and saw 4 of its levels.

You collected 139 gold pieces.

Inventory:

Hand Weapons
 a - a +3 hunting sling
Missiles
 d - 68 arrows
 n - a throwing net {!f}
 o - 28 bolts
 s - 164 stones (quivered)
 S - 16 sling bullets
Armour
 b - a +0 robe (worn)
Jewellery
 g - a ring of protection from fire
 i - a ring of willpower (right claw)
 p - a +6 ring of intelligence
 q - a +4 ring of slaying (left claw)
Wands
 P - a wand of paralysis (10)
 Y - a wand of polymorph (16)
Scrolls
 e - a scroll of noise {unknown}
 f - a scroll of amnesia {unknown}
 k - a scroll of immolation {unknown}
 m - 2 scrolls of magic mapping
 r - a scroll of silence {unknown}
Potions
 c - a potion of invisibility
 h - 4 potions of curing
 j - 2 potions of heal wounds
 l - 2 potions of haste {unknown}
 t - a potion of magic {unknown}


   Skills:
 + Level 6.4 Fighting
 + Level 6.4 Unarmed Combat
 - Level 1.0 Spellcasting
 - Level 2.4 Fire Magic
 + Level 1.0 Evocations


You had 6 spell levels left.
You knew the following spells:

 Your Spells              Type           Power      Damage    Failure   Level
a - Scorch                Fire           8%         2d5       22%         2

Your spell library contained the following spells:

 Spells                   Type           Power      Damage    Failure   Level
 Freeze                   Ice            0%         1d3       36%         1
 Frozen Ramparts          Ice            0%         1d2       73%         3
 Gell's Gravitas          Tloc           0%         N/A       73%         3
 Teleport Other           Tloc           0%         N/A       73%         3
 Hailstorm                Conj/Ice       0%         3d3       98%         4
 Dispersal                Tloc           0%         N/A       100%        6


Dungeon Overview and Level Annotations

Branches:
Dungeon (4/15)
 Temple: D:4-7

Altars:
Okawaru
Uskayaw
Wu Jian

Annotations:
D:3 1 runed translucent door, Crazy Yiuf
D:4 Pikel


Innate Abilities, Weirdness & Mutations

You thrive by killing the living.
You are immune to poison.
You have sharp fingernails.
Your flesh is cold resistant. (rC+)
You are immune to negative energy. (rN+++)
You do not regenerate when monsters are visible.
You are immune to unholy pain and torment.


Message History

Pikel hits you with a +2 whip of flaming!
You are too injured to fight recklessly!
You are too injured to fight recklessly!
Casting: Scorch (safe; 22% risk of failure)
Confirm with . or Enter, or press ? or * to list all spells.
Flames lash Pikel.
Pikel is heavily wounded.
Pikel's fire resistance burns away.
* * * LOW MAGIC WARNING * * *
You hear a shout! x2
A lemure comes into view.
Pikel says, "I'm sure the Orcish Mines are around here somewhere..."
Pikel hits you with a +2 whip of flaming!
Pikel burns you.
A protective cloak of flame settles atop you.
Pikel hits you with a +2 whip of flaming!
* * * LOW HITPOINT WARNING * * *
Pikel burns you.
* * * LOW HITPOINT WARNING * * *
Pikel is burned by your cloak of flames.
Pikel is heavily wounded.
You barely miss Pikel.
Pikel is heavily wounded.
Pikel hits you with a +2 whip of flaming.
* * * LOW HITPOINT WARNING * * *
Pikel burns you.
* * * LOW HITPOINT WARNING * * *
Pikel is burned terribly!
Pikel is burned by your cloak of flames.
Pikel is severely wounded.
You barely miss Pikel.
Pikel is severely wounded.
Pikel is no longer more vulnerable to fire.
Pikel hits you but does no damage.
Pikel is burned by your cloak of flames.
Pikel is severely wounded.
You closely miss Pikel.
Pikel is severely wounded.
Pikel hits you with a +2 whip of flaming.
You die...

#.......###K..###
#........)......#
#.......)#.##...#
#......5.#.# ..#
####.###.#.. .#
##.##.###.#..# #
#......5#.#..#
#......#K#.....
......>##@####..
##.........## ...
#..........#
#.#.##.##.##
#.#....##.# #### #
#.#...#.# #.# ...#
#.#.......# #.. ##.##
#.......### #.# #...##
#####...#####8...8##.#


You could see Pikel and a lemure.

Vanquished Creatures
  A black bear (D:4)
  A phantom (D:4)
  2 lemures (D:4)
  A centaur skeleton (D:3)
  A hound (D:3)
  Jessica (D:3)
  Natasha (thrice) (D:3)
  A hound skeleton (D:4)
  A howler monkey skeleton (D:4)
  3 gnolls (D:4)
  3 adders
  A dart slug (D:1)
  5 orcs
  6 endoplasms
  3 giant cockroaches
  7 goblins
  12 hobgoblins
  2 jackals (D:2)
  5 quokkas
  4 ball pythons
  5 bats
  A frilled lizard (D:1)
  7 kobolds
  5 rats
81 creatures vanquished.

Notes
Turn   | Place    | Note
-------+----------+-------------------------------------------
     0 | D:1      | emikaela the Ghoul Cinder Acolyte began the quest for the
                  | Orb.
     0 | D:1      | Reached XP level 1. HP: 19/19 MP: 1/1
    87 | D:1      | Reached XP level 2. HP: 26/26 MP: 2/2
    90 | D:1      | Learned a level 2 spell: Scorch
   575 | D:1      | Reached XP level 3. HP: 30/33 MP: 3/3
  1413 | D:2      | Reached XP level 4. HP: 32/41 MP: 4/4
  1661 | D:3      | Noticed a +0 spear
  1669 | D:3      | Found a hide-covered altar of Uskayaw.
  1669 | D:3      | Noticed a +0 spear
  1669 | D:3      | Noticed a +0 falchion
  1670 | D:3      | Noticed a +0 short sword
  1671 | D:3      | Noticed a +0 falchion
  1672 | D:3      | Noticed a +0 dagger
  1673 | D:3      | Noticed a +0 dagger
  1674 | D:3      | Noticed a +0 short sword
  1680 | D:3      | Noticed Jessica
  1685 | D:3      | Killed Jessica
  1834 | D:3      | Found an ornate altar of the Wu Jian Council.
  2090 | D:3      | Reached XP level 5. HP: 44/47 MP: 0/5
  2159 | D:3      | Noticed Natasha
  2168 | D:3      | Killed Natasha
  2169 | D:3      | Reached skill level 5 in Fighting
  2169 | D:3      | Reached skill level 5 in Unarmed Combat
  2414 | D:3      | Found a runed translucent door.
  2415 | D:3      | Noticed Crazy Yiuf
  2720 | D:3      | Noticed Natasha
  2725 | D:3      | Killed Natasha
  2894 | D:3      | Noticed Natasha
  2898 | D:3      | Killed Natasha
  2899 | D:3      | Reached XP level 6. HP: 56/56 MP: 1/6
  2983 | D:4      | Found an iron altar of Okawaru.
  3523 | D:4      | Noticed a black bear
  3540 | D:4      | Killed a black bear
  3541 | D:4      | Reached skill level 1 in Evocations
  3541 | D:4      | Reached XP level 7. HP: 61/64 MP: 7/7
  3654 | D:4      | Noticed Pikel
  3677 | D:4      | Slain by Pikel

Illustrated notes

Levels and vault maps discovered:
D:1:      dpeg_arrival_round_b, layout_loops_ring
D:2:      layout_rooms, kennysheep_generic_room_15
D:3:      layout_basic, nicolae_uskayaw_en_pointe,
          nicolae_wu_jian_glorious_leap, uniq_jessica, uniq_crazy_yiuf_cottage,
          uniq_natasha
D:4:      layout_loops_cross, nicolae_overflow_hidden_temple, uniq_pikel

Skill      XL: |  1  2  3  4  5  6 |
---------------+-------------------+-----
Fighting       | 4 5 6 |  6.4
Unarmed Combat | 4 5 6 |  6.4
Evocations     | 1 |  1.0
Spellcasting   | |  1.0
Fire Magic     | |  2.4

Action                   |  1- 3 |  4- 6 |  7- 9 || total
-------------------------+-------+-------+-------++-------
Melee: Unarmed           |    90 |    61 |    24 ||   175
       Punch             |       |     1 |       ||     1
 Fire: Hunting sling     |       |    13 |       ||    13
 Cast: Scorch            |       |    22 |     7 ||    29
Invok: Fiery Armour      |       |     1 |     1 ||     2
  Use: Scroll            |       |     4 |       ||     4
Armor: Robe              |    11 |     5 |     1 ||    17
Dodge: Dodged            |    25 |    25 |     7 ||    57
